 Dungeon Crawl Stone Soup version 0.28-a0-1518-gbe868bca14 (webtiles) character file.

Game seed: 17783513712790339095

6248 sizableburger the Fighter (level 10, 0/159 (160) HPs)
             Began as an Ogre Hedge Wizard on Jan 17, 2022.
             Was an Elder of Vehumet.
             Slain by a wight (4 damage)
             ... on level 9 of the Dungeon.
             The game lasted 00:48:34 (13145 turns).

sizableburger the Fighter (Ogre Hedge Wizard)      Turns: 13145, Time: 00:48:35

HP:   0/159 (160)   AC: 25    Str: 16    XL:     10   Next: 93%
MP:   4/20          EV:  1    Int: 19    God:    Vehumet [****..]
Gold: 525           SH:  0    Dex: 14    Spells: 6/23 levels left

rFire   + + .      SeeInvis .   d - staff of fire
rCold   + + .      Faith    .   (no shield)
rNeg    . . .      Spirit   .   (armour currently unavailable)
rPois   +          Reflect  .   (helmet currently unavailable)
rElec   +          Harm     .   (cloak currently unavailable)
rCorr   +          Rampage  .   (gloves unavailable)
Will    +....      NoTele   +   (boots unavailable)
Stlth   ++........              h - amulet of magic regeneration
HPRegen 0.36/turn               p - +6 ring of dexterity
MPRegen 0.57/turn               v - ring of protection from cold

@: tree-form, resistant, attractive, hasted, lightly drained, very quick
A: stationary, stasis, torment immunity, boosted hp, large, unfitting armour,
(tough skin 1), (claws 1), (hooves 1), (iridescent scales 1)
a: Renounce Religion


You were on level 9 of the Dungeon.
You worshipped Vehumet.
Vehumet was greatly pleased with you.
You were a tree.
You visited 1 branch of the dungeon, and saw 9 of its levels.

You collected 525 gold pieces.

Inventory:

Hand Weapons
 x - a +7 vorpal halberd
Missiles
 a - 11 poisoned darts
Armour
 b - a +0 robe (melded)
 c - a +1 hat (melded)
 u - a +0 cloak (melded)
Magical Staves
 d - a staff of fire (weapon)
Jewellery
 h - an amulet of magic regeneration (around neck)
 p - a +6 ring of dexterity (left branch)
 v - a ring of protection from cold (right branch)
Scrolls
 i - 3 scrolls of teleportation
 l - a scroll of fog
Potions
 f - a potion of degeneration
 g - a potion of might
 j - 5 potions of flight
 k - a potion of attraction
 m - 3 potions of lignification
 n - a potion of haste


   Skills:
 - Level 9.0 Fighting
 - Level 0.1 Short Blades
 - Level 1.3(2.1) Axes
 + Level 2.5(4.1) Polearms
 - Level 4.6(5.0) Staves
 - Level 1.8 Dodging
 - Level 1.4 Stealth
 + Level 7.0 Spellcasting
 - Level 1.1 Conjurations
 - Level 1.8 Summonings
 - Level 1.0 Translocations
 - Level 5.6 Fire Magic
 - Level 2.2 Air Magic
 + Level 6.4 Earth Magic
 - Level 2.1 Poison Magic
 + Level 4.8 Evocations


You had 6 spell levels left.
You knew the following spells:

 Your Spells              Type           Power      Damage    Failure   Level
a - Magic Dart            Conj           44%        1d5       1%          1
b - Slow                  Hex            24%        N/A       10%         1
c - Foxfire               Conj/Fire      100%       2x1d9     1%          1
d - Call Imp              Summ           13%        N/A       7%          2
e - Poisonous Vapours     Pois/Air       30%        N/A       1%          2
f - Scorch                Fire           84%        2d9       1%          2
g - Lee's Rapid Deconstr  Erth           15%        3d11*     5%          5
h - Mephitic Cloud        Conj/Pois/Air  13%        N/A       4%          3

Your spell library contained the following spells:

 Spells                   Type           Power      Damage    Failure   Level
 Stone Arrow              Conj/Erth      42%        3d9       1%          3
 Freeze                   Ice            24%        1d5       2%          1
 Conjure Flame            Conj/Fire      29%        6-21      2%          3
 Frozen Ramparts          Ice            12%        1d3       9%          3
 Blink                    Tloc           20%        N/A       10%         2
 Lesser Beckoning         Tloc           10%        N/A       21%         3
 Hailstorm                Conj/Ice       8%         3d4       21%         4
 Leda's Liquefaction      Hex/Erth       9%         N/A       26%         4
 Manifold Assault         Tloc           10%        N/A       88%         5
 Statue Form              Tmut/Erth      12%        N/A       99%         6


Dungeon Overview and Level Annotations

Branches:
Dungeon (9/15)             Temple (0/1) D:7
   Lair: D:8-11         Orc: D:9-12

Altars:
Ashenzari
Uskayaw
Vehumet

Shops:
D:1 :   D:9 *:


Innate Abilities, Weirdness & Mutations

You are a tree.
Your roots penetrate the ground, keeping you stationary.
You cannot be teleported.
You are immune to unholy pain and torment.
Your maximum health is greatly increased.
Your equipment is partially melded.
You are too large for most types of armour.
((You have tough skin. (AC +1)))
((You have sharp fingernails.))
((You have large cloven feet.))
((You are partially covered in iridescent scales. (AC +2)))


Message History

The centaur is engulfed in noxious fumes.
The centaur appears confused.
The centaur hits you but does no damage.
The centaur kicks you but does no damage.
The kobold is attracted toward you.
You aren't carrying any items that you can evoke.
Unknown command.
You barely miss the wight.
The wight is moderately damaged.
The centaur is engulfed in noxious fumes.
The centaur appears confused.
The centaur hits the kobold but does no damage.
The centaur kicks the kobold.
The kobold is killed!
Vehumet accepts your kill.
You feel your power returning. The wight hits you but does no damage.
The centaur zombie hits you but does no damage.
The centaur zombie kicks you but does no damage.
Casting: Lee's Rapid Deconstruction (dangerous; 5% risk of failure)
Confirm with . or Enter, or press ? or * to list all spells.
You feel a surge of power!
Flames lash the wight.
You destroy the wight!
Vehumet accepts your kill.
The centaur is engulfed in noxious fumes.
The centaur appears confused.
The centaur looks very confused.
The centaur hits the wight.
The centaur kicks the wight but does no damage.
You barely miss the centaur zombie.
The centaur zombie is almost destroyed.
The centaur zombie hits you but does no damage.
The centaur zombie kicks you but does no damage.
The wight hits you but does no damage.
Unknown command.
You hit the centaur zombie.
The centaur zombie is almost destroyed.
The centaur zombie hits you but does no damage.
The centaur zombie kicks you but does no damage.
The wight hits you with a +0 short sword.
You die...

.. ####.####
#.......# #
#.......# .####
#.......##.....
#.............#
#.....c.#...... #
#.....z.Z..##
####.#....)z♣)§..#
..........##)......#
#...##†####....(#.#
# #.# #....## #z#
#.#.## # #.# #....#
.# ##....#
#c######..##.##
##.....##
#K...c.z.<....###
#.......#
#####.##........♣


You could see a centaur (confused), 2 wights and a centaur zombie.

Vanquished Creatures
  A two-headed ogre (D:9)
  Maurice (D:8)
  A hornet (D:8)
  A shadow (D:7)
  9 yaks (D:9)
  Eustachio (D:6)
  2 steam dragons
  A water moccasin (D:7)
  A sky beast (D:8)
  5 orc warriors
  A necrophage (D:5)
  An ogre (D:5)
  2 centaurs
  A kobold brigand (D:9)
  A bullfrog (D:6)
  A wyvern zombie (D:8)
  3 scorpions
  11 killer bees
  11 wights
  2 howler monkeys
  A centaur zombie (D:8)
  A gnoll shaman (D:8)
  3 orc priests
  A bullfrog zombie (D:6)
  A centaur skeleton (D:6)
  6 iguanas
  2 orc wizards
  A killer bee zombie (D:9)
  A hound zombie (D:5)
  A howler monkey zombie (D:9)
  8 gnolls
  11 adders
  A shadow imp (D:7)
  A white imp (D:7)
  2 ufetubi
  2 adder skeletons (D:4)
  A worm (D:2)
  A dart slug (D:4)
  28 orcs
  6 endoplasms
  2 giant cockroaches (D:4)
  4 goblins
  6 hobgoblins
  10 jackals
  13 kobolds
  13 ball pythons
  4 bats
  5 frilled lizards (D:1)
  8 rats
201 creatures vanquished.

Vanquished Creatures (collateral kills)
  A sky beast (D:6)
  A jelly (D:4)
2 creatures vanquished.

Vanquished Creatures (others)
  212 foxfires
212 creatures vanquished.

Grand Total: 415 creatures vanquished

Notes
Turn   | Place    | Note
-------+----------+-------------------------------------------
     0 | D:1      | sizableburger the Ogre Hedge Wizard began the quest for the
                  | Orb.
     0 | D:1      | Reached XP level 1. HP: 16/16 MP: 5/5
    17 | D:1      | Found a faded altar of an unknown god.
    24 | D:1      | Reached skill level 1 in Translocations
    28 | D:1      | Reached skill level 1 in Summonings
    57 | D:1      | Prayed at the altar of an unknown god.
    57 | D:1      | Became a worshipper of Vehumet
    57 | D:1      | Reached * piety under Vehumet
    57 | D:1      | Offered knowledge of Foxfire by Vehumet.
    60 | D:1      | Learned a level 1 spell: Slow
   175 | D:1      | Learned a level 1 spell: Foxfire
   191 | D:1      | Reached XP level 2. HP: 26/26 MP: 3/6
   219 | D:1      | Learned a level 2 spell: Call Imp
   362 | D:1      | Reached skill level 1 in Fighting
   463 | D:1      | Found Vaesag's Book Emporium.
   680 | D:1      | Reached XP level 3. HP: 33/33 MP: 6/8
   817 | D:1      | Reached skill level 1 in Fire Magic
   993 | D:2      | Reached skill level 1 in Conjurations
  1092 | D:2      | Reached ** piety under Vehumet
  1145 | D:2      | Offered knowledge of Poisonous Vapours by Vehumet.
  1146 | D:2      | Reached skill level 2 in Fighting
  1150 | D:2      | Learned a level 2 spell: Poisonous Vapours
  1317 | D:2      | Reached XP level 4. HP: 39/42 MP: 4/9
  2348 | D:3      | Reached skill level 1 in Air Magic
  2348 | D:3      | Reached skill level 1 in Poison Magic
  2441 | D:3      | You fall into a shaft and drop 3 floors!
  2441 | D:6      | Noticed a sky beast
  2472 | D:6      | Noticed Eustachio
  2496 | D:6      | Noticed a scorpion
  2506 | D:6      | Killed a scorpion
  2507 | D:6      | Reached skill level 3 in Fighting
  2507 | D:6      | Reached XP level 5. HP: 29/53 MP: 2/11
  2739 | D:6      | Killed a sky beast
  2740 | D:6      | Reached XP level 6. HP: 19/62 MP: 3/12
  3062 | D:5      | Entered Level 5 of the Dungeon
  3290 | D:4      | Found a hide-covered altar of Uskayaw.
  3439 | D:4      | Reached skill level 4 in Fighting
  3621 | D:4      | Offered knowledge of Scorch by Vehumet.
  3633 | D:4      | Learned a level 2 spell: Scorch
  3967 | D:4      | Reached skill level 5 in Spellcasting
  4219 | D:4      | Reached *** piety under Vehumet
  4255 | D:4      | Noticed a steam dragon
  4271 | D:4      | Killed a steam dragon
  4272 | D:4      | Reached skill level 1 in Axes
  4272 | D:4      | Reached XP level 7. HP: 31/71 MP: 5/14
  4682 | D:4      | Reached skill level 5 in Fighting
  4704 | D:4      | Learned a level 5 spell: Lee's Rapid Deconstruction
  5302 | D:5      | Reached skill level 1 in Earth Magic
  5739 | D:5      | HP: 2/72 [orc (5)]
  5744 | D:5      | Gained mutation: You are partially covered in iridescent
                  | scales. (AC +2) [potion of mutation]
  5744 | D:5      | Gained mutation: You have sharp fingernails. [potion of
                  | mutation]
  5744 | D:5      | Gained mutation: You have large cloven feet. [potion of
                  | mutation]
  6072 | D:5      | Reached skill level 6 in Fighting
  6072 | D:5      | Reached XP level 8. HP: 80/83 MP: 10/15
  6751 | D:6      | Reached skill level 1 in Staves
  7010 | D:6      | Killed Eustachio
  7540 | D:5      | Reached skill level 7 in Fighting
  7880 | D:5      | Learned a level 3 spell: Mephitic Cloud
  9042 | D:7      | Offered knowledge of Dazzling Flash by Vehumet.
  9043 | D:7      | Reached XP level 9. HP: 73/93 MP: 11/16
  9212 | D:7      | Reached skill level 1 in Evocations
  9565 | D:7      | Found a staircase to the Ecumenical Temple.
 10296 | D:8      | Reached skill level 8 in Fighting
 10468 | D:8      | Noticed a hornet
 10473 | D:8      | Paralysed by a hornet for 1 turns
 10480 | D:8      | Killed a hornet
 10481 | D:8      | Reached skill level 5 in Fire Magic
 10826 | D:8      | Found a broken altar of Ashenzari.
 11317 | D:8      | Reached skill level 9 in Fighting
 11468 | D:8      | Noticed Maurice
 11477 | D:8      | Killed Maurice
 11478 | D:8      | Reached skill level 5 in Earth Magic
 11478 | D:8      | Reached XP level 10. HP: 106/107 MP: 2/18
 12014 | D:9      | Found Ufoutu's Antique Weapon Shoppe.
 12194 | D:9      | Found Sij Teddu's Neck Hole.
 12242 | D:9      | Noticed a two-headed ogre
 12254 | D:9      | Killed a two-headed ogre
 12255 | D:9      | Reached skill level 1 in Polearms
 12501 | D:9      | Found Mizovex's Book Shoppe.
 12796 | D:9      | Reached **** piety under Vehumet
 12975 | D:9      | Offered knowledge of Stone Arrow by Vehumet.
 13135 | D:9      | HP: 6/157 [wight (5)]
 13145 | D:9      | Slain by a wight

Illustrated notes

Levels and vault maps discovered:
D:1:      minmay_arrival_three_doors, layout_rooms, serial_shops, shop,
          ebering_ecumenical_altar_box
D:2:      layout_loops_ring, minmay_tripent
D:3:      layout_loops_corners
D:4:      layout_cave_pods, serial_park, serial_park_paths
          [serial_park_minivault_5x5_3], serial_park_square2,
          serial_park_square2, serial_park_square3 [serial_park_minivault_5x5_4]
D:5:      layout_cave_pods
D:6:      layout_loops_corners, uniq_eustachio
D:7:      layout_basic, minmay_temple_entry_glassed_door
D:8:      layout_basic, nicolae_overflow_crystal_walls, uniq_maurice
D:9:      layout_loops_ring, special_room [special_room_orc], serial_shops,
          nicolae_shop_advertising_works [nicolae_subvault_shop_adworks],
          nicolae_shop_hallway_stairs, nicolae_square_shop, shop,
          nicolae_shop_trees, nicolae_shop_sticking_my_neck_out

Skill      XL: |  1  2  3  4  5  6  7  8  9 10 |
---------------+-------------------------------+-----
Translocations | 1 |  1.0
Summonings     | 1 |  1.8
Fighting       | 1 2 3 4 6 7 9 |  9.0
Fire Magic     | 1 2 3 4 5 |  5.6
Conjurations   | 1 |  1.1
Spellcasting   | 4 5 7 |  7.0
Air Magic      | 1 2 |  2.2
Poison Magic   | 1 2 |  2.1
Axes           | 1 |  1.3
Earth Magic    | 1 3 5 6 |  6.4
Staves         | 3 4 |  4.6
Evocations     | 3 4 |  4.8
Polearms       | 2 |  2.5
Short Blades   | |  0.1
Dodging        | |  1.8
Stealth        | |  1.4

Action                   |  1- 3 |  4- 6 |  7- 9 | 10-12 || total
-------------------------+-------+-------+-------+-------++-------
Melee: Dagger            |    16 |    12 |    25 |       ||    53
       Short sword       |    27 |    85 |       |       ||   112
       Hand axe          |       |     4 |       |       ||     4
       Kick              |       |       |    25 |    15 ||    40
       Staff             |       |       |    66 |    57 ||   123
 Cast: Foxfire           |    55 |    34 |    32 |     4 ||   125
       Magic Dart        |     1 |       |     2 |       ||     3
       Call Imp          |     1 |     7 |     4 |       ||    12
       Poisonous Vapours |     1 |    14 |    30 |       ||    45
       Slow              |       |     1 |       |       ||     1
       Scorch            |       |     7 |    73 |    37 ||   117
       Lee's Rapid Decon |       |       |    11 |    23 ||    34
       Mephitic Cloud    |       |       |     5 |     3 ||     8
Evoke: Wand              |       |       |       |     6 ||     6
  Use: Scroll            |       |     8 |     7 |     4 ||    19
       Potion            |       |     1 |     8 |     4 ||    13
 Stab: Sleeping          |     1 |       |     1 |       ||     2
       Distracted        |       |     1 |       |       ||     1
       Confused          |       |       |       |     2 ||     2
Armor: Robe              |    18 |    55 |    88 |    22 ||   183
       Skin              |       |       |       |    31 ||    31
Dodge: Dodged            |    20 |    80 |   135 |    44 ||   279

Table legend: (Time is in decaauts)
 A = Elapsed time spent in this place.
 B = Non-inter-level travel time spent in this place.
 C = Inter-level travel time spent in this place.
 D = Time resting spent in this place.
 E = Time spent auto-exploring this place.
 F = Levels seen in this place.
 G = Mean time per level.
                   A        B        C        D        E       F      G
               +--------+--------+--------+--------+--------+-----+--------+
         Total |  13169 |  12309 |    860 |   2946 |   7240 |   9 | 1463.2 |
       Dungeon |  13169 |  12309 |    860 |   2946 |   7240 |   9 | 1463.2 |
               +--------+--------+--------+--------+--------+-----+--------+

Top non-repeatable levels by time:
     D:4: 2528 daAuts
     D:8: 1874 daAuts
     D:6: 1789 daAuts
     D:7: 1658 daAuts
     D:5: 1483 daAuts
     D:2: 1187 daAuts
     D:9: 1151 daAuts
     D:1: 1046 daAuts
     D:3: 449 daAuts
